 Dungeon Sprint DCSS version 0.25.1-8-g42b30a86e7 (webtiles) character file.

Game seed: 18215369516440457238

882 Groucho the Imperceptible (level 7, -12/51 HPs)
             Began as a Felid Berserker on Dec 1, 2020.
             Was an Elder of Trog.
             Mangled by a deep troll (18 damage)
             ... in the Dungeon (Sprint I: "Red Sonja").
             The game lasted 00:03:33 (1251 turns).

Groucho the Imperceptible (Felid Berserker)         Turns: 1251, Time: 00:03:34

Health: -12/51     AC:  2    Str: 14    XL:     7   Next: 76%
Magic:  8/8        EV: 24    Int:  9    God:    Trog [****..]
Gold:   627        SH:  0    Dex: 17    Spells: 6/6 levels left
                                        Lives:  0   Deaths: 2

rFire    . . .     SeeInvis +     - Unarmed
rCold    . . .     Gourm    .   (shield unavailable)
rNeg     . . .     Faith    .   (armour unavailable)
rPois    .         Spirit   .   (helmet unavailable)
rElec    .         Reflect  .   (cloak unavailable)
rCorr    .         Harm     .   (gloves unavailable)
MR       +....     NoTele   +   (boots unavailable)
Stlth    ..........             (no amulet)
HPRegen  0.17/turn              (no ring)
MPRegen  0.11/turn              (no ring)

@: berserking, very quick
A: very small, no armour, no weapons or thrown items, stealth, claws 1, fangs 3,
see invisible, carnivore, speed 1, shaggy fur 2, slow metabolism 1, sharp paws
a: Berserk, Trog's Hand, Brothers in Arms, Renounce Religion


You were in the Dungeon.
You worshipped Trog.
Trog was greatly pleased with you.
You were not hungry.

You visited 1 branch You collected 649 gold pieces.
You spent 22 gold pieces at shops.

Inventory:

Scrolls
 h - 3 scrolls of identify
 j - a scroll of remove curse {unknown}
Potions
 b - a potion of curing
 c - a potion of heal wounds
 d - a potion of haste
 e - 2 potions of magic
 f - a potion of berserk rage
 i - a potion of lignification {unknown}
Comestibles
 a - a ration
 g - 6 chunks of flesh


   Skills:
 + Level 6.3 Fighting
 + Level 8.3 Dodging
 + Level 25.0 Stealth
 + Level 6.3 Unarmed Combat


You had 6 spell levels left.
You didn't know any spells.
Your spell library was empty.

Dungeon Overview and Level Annotations

Branches:
Dungeon (1/1)

Altars:
Cheibriados
Dithmenos
Elyvilon
Fedhas
Gozag
Hepliaklqana
Kikubaaqudgha
Makhleb
Nemelex Xobeh
Okawaru
Qazlal
Ru
Sif Muna
Trog
Uskayaw
Vehumet
Wu Jian
Xom
Yredelemnul
Zin
The Shining One
Jiyva
Lugonu

Shops:
D ?


Innate Abilities, Weirdness & Mutations

You cannot wear armour.
You are incapable of wielding weapons or throwing items.
Your paws allow you to move quietly. (Stealth)
You have sharp claws.
You have razor-sharp teeth.
You have supernaturally acute eyesight. (SInv)
You are carnivorous and can eat meat at any time.
You cover ground quickly.
You are covered in thick fur. (AC +2)
You have a slow metabolism.
Your sharp claws are effective at attacking unaware monsters.


Message History

You rejoin the land of the living...
There is an open door here.
There is an open door, spattered with blood here.
The deep troll shouts!
There is an open door here.
The deep troll barely misses you. The deep troll claws you!
The deep troll barely misses you.
You scratch the deep troll.
The deep troll is lightly wounded.
The deep troll barely misses you. The deep troll closely misses you.
The deep troll claws you!!
Ouch! That really hurt!
* * * LOW HITPOINT WARNING * * *
There is an open door here.
A red film seems to cover your vision as you go berserk!
You feel yourself moving faster!
You feel mighty!
You feel a lot more hungry. The deep troll completely misses you.
The deep troll claws you.
* * * LOW HITPOINT WARNING * * *
The deep troll claws you!!
You die...

######################
#<.#.[').#.)'..#__#..+
#..'..#..'..#..'..'..#
#..#####+#####@#__####
#..####..#...#T####)§####
#..#__####..##(#≈≈§§§#..#
#..#_____##'#_§§§≈§§§+..#
#⌠⌠#_.∩...'..._#≈≈≈§§#..#
####_..__##_.#'##§#####'###
#_____###+#.#).†.# #.'.#
####### ####T### ###.# $$.
#.#


You could see a deep troll.

Vanquished Creatures
  2 centaur warriors (D)
  An unseen horror (D)
  An oklob plant (D)
  A hornet (D)
  A slime creature (D)
  Sigmund (D)
  2 redbacks (D)
  A yak (D)
  A floating eye (D)
  An ogre (D)
  A jelly (D)
  Ijyb (D)
14 creatures vanquished.

Notes
Turn   | Place    | Note
-------+----------+-------------------------------------------
     0 | D        | Groucho the Felid Berserker began the quest for the Orb.
     0 | D        | Reached XP level 1. HP: 10/10 MP: 2/2
     2 | D        | Noticed Ijyb
    10 | D        | Killed Ijyb
    10 | D        | Reached skill level 8 in Stealth
    10 | D        | Reached XP level 2. HP: 7/14 MP: 3/3
   463 | D        | Noticed an ogre
   470 | D        | Killed an ogre
   470 | D        | Reached skill level 12 in Stealth
   470 | D        | Reached XP level 3. HP: 17/17 MP: 4/4
   470 | D        | Reached XP level 4. HP: 21/21 MP: 5/5
   627 | D        | Noticed Sigmund
   629 | D        | Killed Sigmund
   629 | D        | Reached ** piety under Trog
   629 | D        | Reached skill level 16 in Stealth
   629 | D        | Reached XP level 5. HP: 24/24 MP: 6/6
   629 | D        | Gained mutation: You are covered in thick fur. (AC +2)
                  | [Felid growth]
   629 | D        | Reached XP level 6. HP: 28/28 MP: 7/7
   640 | D        | Found an ornate altar of the Wu Jian Council.
   640 | D        | Found a shimmering blue altar of Sif Muna.
   644 | D        | Found a radiant altar of Vehumet.
   651 | D        | Found Souc's Magic Scroll Emporium.
   651 | D        | Found an ancient bone altar of Kikubaaqudgha.
   651 | D        | Found a hazy altar of Hepliaklqana.
   651 | D        | Found a stormy altar of Qazlal.
   651 | D        | Found a hide-covered altar of Uskayaw.
   651 | D        | Found a blossoming altar of Fedhas.
   651 | D        | Found a bloodstained altar of Trog.
   651 | D        | Found an iron altar of Okawaru.
   651 | D        | Found a basalt altar of Yredelemnul.
   651 | D        | Found a glowing golden altar of the Shining One.
   651 | D        | Found a snail-covered altar of Cheibriados.
   651 | D        | Found a sacrificial altar of Ru.
   651 | D        | Found a glowing silver altar of Zin.
   651 | D        | Found a shadowy altar of Dithmenos.
   651 | D        | Found a white marble altar of Elyvilon.
   651 | D        | Noticed a yak
   652 | D        | Found an opulent altar of Gozag.
   653 | D        | Killed a yak
   653 | D        | Reached skill level 18 in Stealth
   654 | D        | Found a sparkling altar of Nemelex Xobeh.
   673 | D        | Bought a scroll of identify for 22 gold pieces
   708 | D        | Found a burning altar of Makhleb.
   708 | D        | Found a shimmering altar of Xom.
   708 | D        | Noticed a slime creature
   709 | D        | Found a viscous altar of Jiyva.
   709 | D        | Found a corrupted altar of Lugonu.
   720 | D        | Killed a slime creature
   720 | D        | Reached *** piety under Trog
   720 | D        | Reached skill level 19 in Stealth
   720 | D        | Reached XP level 7. HP: 6/31 MP: 8/8
  1124 | D        | Noticed a centaur warrior
  1128 | D        | Noticed a centaur warrior
  1129 | D        | Killed a centaur warrior
  1129 | D        | Reached skill level 22 in Stealth
  1129 | D        | Reached XP level 8. HP: 34/34 MP: 9/9
  1130 | D        | Killed a centaur warrior
  1130 | D        | Reached skill level 24 in Stealth
  1142 | D        | Noticed a hornet
  1145 | D        | Killed a hornet
  1145 | D        | Reached XP level 9. HP: 38/38 MP: 10/10
  1157 | D        | Noticed an oklob plant
  1159 | D        | Killed an oklob plant
  1159 | D        | Reached **** piety under Trog
  1167 | D        | Reached skill level 5 in Fighting
  1167 | D        | Reached skill level 5 in Unarmed Combat
  1200 | D        | Noticed an unseen horror
  1200 | D        | Noticed an unseen horror
  1219 | D        | Killed an unseen horror
  1219 | D        | Reached skill level 25 in Stealth
  1226 | D        | Mangled by an unseen horror
  1227 | D        | Reached XP level 8. HP: -8/38 MP: 9/9
  1236 | D        | Noticed a deep troll
  1239 | D        | Demolished by a deep troll
  1240 | D        | Reached XP level 7. HP: -15/34 MP: 8/8
  1251 | D        | Mangled by a deep troll

Illustrated notes

Levels and vault maps discovered:
D:        dungeon_sprint_1 [red_sonja_temple_1, red_sonja_temple_small_1]

Skill      XL: |  1  2  3  4  5  6  7  8  9 |
---------------+----------------------------+-----
Stealth        | 8 12 16 19 22 24 25 | 25.0
Fighting       | 6 |  6.3
Dodging        | 8 |  8.3
Unarmed Combat | 6 |  6.3

Action                   |  1- 3 |  4- 6 |  7- 9 || total
-------------------------+-------+-------+-------++-------
Melee: Unarmed           |    11 |    10 |    17 ||    38
       Punch             |     1 |       |     1 ||     2
       Bite              |       |     1 |     3 ||     4
Invok: Berserk           |     1 |     1 |     2 ||     4
       Trog's Hand       |       |     1 |     1 ||     2
  Use: Scroll            |       |       |     1 ||     1
 Stab: Sleeping          |     1 |     3 |     7 ||    11
  Eat: Chunk             |     1 |     5 |       ||     6
Armor: Skin              |       |     1 |     1 ||     2
Dodge: Dodged            |     7 |     1 |    28 ||    36
